 Dungeon Crawl Stone Soup version 0.26-a0-1060-g086102a3f0 (webtiles) character file.

Game seed: 12961792329013710859

10035 Flubbersnuff the Cleaver (level 11, -9/100 HPs)
             Began as a Minotaur Berserker on Dec 13, 2020.
             Was a High Priest of Trog.
             Mangled by an eight-headed hydra (10 damage)
             ... on level 3 of the Lair of Beasts.
             The game lasted 00:19:55 (12646 turns).

Flubbersnuff the Cleaver (Minotaur Berserker)      Turns: 12646, Time: 00:19:56

Health: -9/100     AC: 19    Str: 26    XL:     11   Next: 30%
Magic:  10/10      EV: 11    Int:  4    God:    Trog [*****.]
Gold:   634        SH:  0    Dex:  9    Spells: 10/10 levels left

rFire    . . .     SeeInvis .   b - +1 quarterstaff (vorpal)
rCold    . . .     Faith    .   (shield currently unavailable)
rNeg     . . .     Spirit   .   q - +0 plate armour
rPois    .         Reflect  .   m - +2 hat
rElec    .         Harm     .   r - +0 cloak
rCorr    .         Rampage  .   (no gloves)
Will     .....                  u - +0 pair of boots
Stlth    ..........             A - amulet of the acrobat
HPRegen  0.26/turn              (no ring)
MPRegen  0.12/turn              (no ring)

@: mesmerised
A: retaliatory headbutt, horns 2
a: Berserk, Trog's Hand, Brothers in Arms, Renounce Religion


You were on level 3 of the Lair of Beasts.
You worshipped Trog.
Trog was extremely pleased with you.
You visited 3 branches of the dungeon, and saw 12 of its levels.

You collected 669 gold pieces.
You spent 35 gold pieces at shops.

Inventory:

Hand Weapons
 a - a +0 hand axe
 b - a +1 vorpal quarterstaff (weapon)
Armour
 m - a +2 hat (worn)
 q - a +0 plate armour (worn)
 r - a +0 cloak (worn)
 u - a +0 pair of boots (worn)
Jewellery
 i - an uncursed amulet of magic regeneration {unknown}
 n - a +6 ring of dexterity
 w - the ring of Efaacahi {rF+ rC- Str+9 Dex+6}
   (You found it on level 8 of the Dungeon)

   [ring of dexterity]

   It affects your strength (+9).
   It affects your dexterity (+6).
   It protects you from fire.
   It makes you vulnerable to cold.
 A - an amulet of the acrobat (around neck)
Wands
 j - a wand of enslavement (28)
 t - a wand of iceblast (8)
Scrolls
 c - 7 scrolls of remove curse
 d - 2 scrolls of identify
 e - 2 scrolls of magic mapping
 g - 6 scrolls of teleportation
 p - a scroll of brand weapon
 v - 3 scrolls of enchant weapon
 x - a scroll of fog
 z - 2 scrolls of summoning
Potions
 f - 3 potions of ambrosia
 h - 4 potions of curing
 k - a potion of flight
 l - a potion of brilliance {unknown}
 o - 2 potions of haste
 s - 2 potions of heal wounds
 B - 2 potions of invisibility {unknown}


   Skills:
 + Level 10.2 Fighting
 * Level 13.5 Axes
 + Level 9.9 Armour
 + Level 9.1 Dodging


You had 10 spell levels left.
You didn't know any spells.
Your spell library was empty.

Dungeon Overview and Level Annotations

Branches:
Dungeon (8/15)             Temple (1/1) D:7            Lair (3/6) D:8
  Swamp: Lair:2-4    Shoals: Lair:2-4     Snake: Lair:2-4    Spider: Lair:2-4

Altars:
Cheibriados
Dithmenos
Elyvilon
Fedhas
Hepliaklqana
Kikubaaqudgha
Okawaru
Qazlal
Ru
Trog
Uskayaw
Wu Jian
Yredelemnul
Zin
The Shining One

Shops:
D:6 (?*(


Innate Abilities, Weirdness & Mutations

You reflexively headbutt those who attack you in melee.
You have a pair of horns on your head.


Message History

* * * LOW HITPOINT WARNING * * *
The eight-headed hydra bites you but does no damage.
The eight-headed hydra bites you.
* * * LOW HITPOINT WARNING * * *
The eight-headed hydra bites you.
* * * LOW HITPOINT WARNING * * *
The eight-headed hydra barely misses you.
The eight-headed hydra bites you but does no damage.
The eight-headed hydra misses you.
The merfolk siren chants its luring song.
The eight-headed hydra bites you but does no damage.
The eight-headed hydra bites you!
* * * LOW HITPOINT WARNING * * *
The eight-headed hydra bites you.
* * * LOW HITPOINT WARNING * * *
The eight-headed hydra bites you but does no damage. x2
The eight-headed hydra barely misses you.
The eight-headed hydra bites you but does no damage.
The eight-headed hydra bites you!
You die...

######################
#..................>.#
.......................#
..............†.@D......
..........#......D......
........§F.......m......
........................
.......##...............
#.......†F......†.......
P...#.....PP...##.......
#.......<.###### ≈.[...≈
#..........# ≈≈....


You could see 2 eight-headed hydras, a merfolk siren (mesmerising) and 2 blink
frogs.

Vanquished Creatures
  Harold (D:8)
  The ghost of bmj180 the Destroyer, a novice DrCj of Vehumet (D:8)
  2 torpor snails (Lair:2)
  2 cane toads (Lair:1)
  2 rime drakes
  3 komodo dragons
  A polar bear (Lair:3)
  2 blink frogs (Lair:3)
  14 yaks
  2 basilisks (Lair:2)
  Edmund (D:6)
  4 water moccasins (Lair:1)
  2 orc warriors (D:8)
  4 ice beasts
  6 ogres
  A phantom (D:8)
  2 centaurs
  A bullfrog (Lair:2)
  6 killer bees (D:7)
  5 howler monkeys
  8 quasits
  2 bullfrog zombies
  4 hounds
  2 jellies
  A centaur skeleton (D:4)
  4 orc priests
  6 orc wizards
  The ghost of casual the Sneak, a weakling TrDe (D:5)
  2 hound zombies
  Robin (D:2)
  6 adders
  A shadow imp (D:8)
  2 oozes (D:3)
  An adder skeleton (D:7)
  3 worms
  3 dart slugs
  8 leopard geckos
  43 orcs
  2 ball pythons
  10 bats
  3 giant cockroaches
  16 goblins
  8 hobgoblins
  9 jackals
  5 quokkas
  8 frilled lizards
  2 jackal zombies (D:8)
  7 kobolds
  A quokka skeleton (D:6)
  5 rats
236 creatures vanquished.

Vanquished Creatures (others)
  5 fungi
  45 plants
50 creatures vanquished.

Grand Total: 286 creatures vanquished

Notes
Turn   | Place    | Note
-------+----------+-------------------------------------------
     0 | D:1      | Flubbersnuff the Minotaur Berserker began the quest for the
                  | Orb.
     0 | D:1      | Reached XP level 1. HP: 19/19 MP: 0/0
    80 | D:1      | Reached XP level 2. HP: 22/27 MP: 1/1
   152 | D:1      | Reached skill level 4 in Axes
   378 | D:1      | Reached ** piety under Trog
   689 | D:2      | Reached XP level 3. HP: 33/33 MP: 2/2
   849 | D:2      | You fall into a shaft and drop 2 floors!
  1410 | D:2      | Noticed Robin
  1415 | D:2      | Reached XP level 4. HP: 40/40 MP: 3/3
  1422 | D:2      | Killed Robin
  1687 | D:2      | You fall into a shaft and drop 2 floors!
  1694 | D:4      | Reached skill level 5 in Axes
  1949 | D:3      | Found a glowing golden altar of the Shining One.
  1951 | D:3      | Noticed an angel
  1981 | D:3      | Reached XP level 5. HP: 27/47 MP: 4/4
  2403 | D:3      | Found an ornate altar of the Wu Jian Council.
  2960 | D:3      | Found a basalt altar of Yredelemnul.
  2964 | D:3      | Noticed a profane servitor
  3397 | D:4      | Reached *** piety under Trog
  4311 | D:4      | Reached XP level 6. HP: 55/55 MP: 5/5
  4365 | D:4      | Found a glowing silver altar of Zin.
  4394 | D:5      | Entered Level 5 of the Dungeon
  4432 | D:5      | Found a transporter.
  4442 | D:5      | Reached skill level 5 in Fighting
  4442 | D:5      | Reached skill level 6 in Axes
  4454 | D:5      | Found a transporter.
  4460 | D:5      | Noticed casual's ghost (weakling TrDe)
  4474 | D:5      | Killed casual's ghost
  4614 | D:5      | Noticed an ice beast
  4623 | D:5      | Killed an ice beast
  4624 | D:5      | Reached XP level 7. HP: 58/61 MP: 6/6
  4720 | D:5      | Reached skill level 7 in Axes
  4854 | D:5      | Noticed a +0 hand axe
  4854 | D:5      | Noticed a +0 dagger
  4855 | D:5      | Found a hide-covered altar of Uskayaw.
  4906 | D:5      | Found a hazy altar of Hepliaklqana.
  5235 | D:6      | Reached skill level 5 in Armour
  5360 | D:6      | Found Teotsuif's General Store.
  5386 | D:6      | Bought a scroll of magic mapping for 35 gold pieces
  5402 | D:6      | Found Pagosote's Weapon Emporium.
  5467 | D:6      | Found Hericiepn's Weapon Boutique.
  5467 | D:6      | Noticed Edmund
  5488 | D:6      | Killed Edmund
  5716 | D:6      | Found Wesiqad's Magic Scroll Shoppe.
  5852 | D:7      | Found a staircase to the Ecumenical Temple.
  5867 | D:7      | Reached skill level 8 in Axes
  5867 | D:7      | Reached XP level 8. HP: 54/70 MP: 7/7
  5869 | D:7      | Reached skill level 5 in Dodging
  5879 | Temple   | Entered the Ecumenical Temple
  6350 | D:7      | Reached **** piety under Trog
  6881 | D:7      | Reached skill level 9 in Axes
  7393 | D:8      | Reached XP level 9. HP: 52/79 MP: 8/8
  7610 | D:8      | Found a transporter.
  7610 | D:8      | Noticed bmj180's ghost (novice DrCj)
  7612 | D:8      | Noticed Harold
  7632 | D:8      | Killed Harold
  7633 | D:8      | Reached skill level 10 in Axes
  7633 | D:8      | Found a transporter.
  8081 | D:8      | Found a staircase to the Lair.
  8304 | D:8      | Reached ***** piety under Trog
  8312 | D:8      | Reached skill level 11 in Axes
  9062 | D:8      | Killed bmj180's ghost
  9062 | D:8      | Received a gift from Trog
  9063 | D:8      | Reached XP level 10. HP: 90/90 MP: 9/9
  9071 | D:8      | Got the ring of Efaacahi {Dex+6}
  9122 | Lair:1   | Entered Level 1 of the Lair of Beasts
  9641 | Lair:1   | Noticed a cane toad
  9653 | Lair:1   | Killed a cane toad
 10068 | Lair:1   | Noticed a cane toad
 10081 | Lair:1   | Reached skill level 12 in Axes
 10084 | Lair:1   | Killed a cane toad
 11501 | Lair:2   | Reached skill level 13 in Axes
 11501 | Lair:2   | Reached XP level 11. HP: 99/99 MP: 10/10
 11814 | Lair:2   | Found a snail-covered altar of Cheibriados.
 11837 | Lair:2   | Reached skill level 10 in Fighting
 12638 | Lair:3   | Noticed an eight-headed hydra
 12638 | Lair:3   | Noticed an eight-headed hydra
 12646 | Lair:3   | HP: 5/100 [eight-headed hydra (10)]
 12646 | Lair:3   | HP: 1/100 [eight-headed hydra (4)]
 12646 | Lair:3   | Mangled by an eight-headed hydra

Illustrated notes

Levels and vault maps discovered:
D:1:      roderic_crop_circles_arrival_large, layout_rooms,
          minmay_misc_feat_tiny
D:2:      layout_basic, uniq_robin
D:3:      layout_rooms, grunt_temple_overflow_holy_war, general_overflow_altar,
          serial_co_window_serial, co_window_corner_a, co_window_paths_a,
          co_window_paths_b, co_window_paths_a, co_window_of_opportunity_a,
          co_window_unsneaky_path_b, co_window_paths_c, co_window_corner_ca,
          co_window_broadway_a, co_window_paths_e, co_window_4corner_a
D:4:      layout_basic, lemuel_coloured_pillars_altar
D:5:      layout_gridville, dancing_weapons_uskayaw, lemuel_crystal_altar,
          gammafunk_ghost_stat_death, hangedman_decor_riveting
D:6:      layout_basic, serial_shops, kennysheep_little_box, shop, shop,
          nicolae_shop_behind_doors, uniq_edmund
D:7:      layout_loops_corners, minmay_temple_entry_glass
D:8:      layout_loops_ring, dpeg_oklobed_lair, gammafunk_ghost_stat_death,
          special_room [special_room_orc], uniq_harold
Temple:   compressed_dpeg_triangle_lava_temple
Lair:1:   layout_regular_city, st_stairs_8, chequers_serial_rivers_micro_c,
          lemuel_fruit_tree
Lair:2:   layout_regular_city, kennysheep_snail_temple
Lair:3:   layout_hall_layers, minmay_shoals_entry_lonely_mermaid, tgw_fedhas

Skill      XL: |  1  2  3  4  5  6  7  8  9 10 11 |
---------------+----------------------------------+-----
Axes           | 4 5 6 8 9 11 13 | 13.5
Fighting       | 4 5 6 7 8 9 10 | 10.2
Armour         | 3 4 5 6 8 9 |  9.9
Dodging        | 3 4 6 7 8 9 |  9.1

Action                   |  1- 3 |  4- 6 |  7- 9 | 10-12 || total
-------------------------+-------+-------+-------+-------++-------
Melee: Hand axe          |    80 |   146 |   313 |   195 ||   734
       Headbutt          |    12 |    26 |    69 |    44 ||   151
       Quarterstaff      |       |       |       |    10 ||    10
Invok: Berserk           |     1 |     1 |     4 |     3 ||     9
  Use: Scroll            |       |     7 |     5 |     8 ||    20
 Stab: Sleeping          |     1 |     1 |       |       ||     2
Armor: Animal skin       |    27 |     6 |       |       ||    33
       Scale mail        |       |    52 |    19 |       ||    71
       Plate armour      |       |       |   157 |   115 ||   272
Dodge: Dodged            |    61 |   107 |   127 |    96 ||   391

Table legend: (Time is in decaauts)
 A = Elapsed time spent in this place.
 B = Non-inter-level travel time spent in this place.
 C = Inter-level travel time spent in this place.
 D = Time resting spent in this place.
 E = Time spent auto-exploring this place.
 F = Levels seen in this place.
 G = Mean time per level.
                   A        B        C        D        E       F      G
               +--------+--------+--------+--------+--------+-----+--------+
         Total |  12645 |  12220 |    425 |   2976 |   7578 |  12 | 1053.8 |
       Dungeon |   8695 |   8338 |    357 |   1733 |   5391 |   8 | 1086.9 |
        Temple |    441 |    435 |      6 |      0 |    434 |   1 |  441.0 |
          Lair |   3508 |   3446 |     62 |   1242 |   1753 |   3 | 1169.3 |
               +--------+--------+--------+--------+--------+-----+--------+

Top non-repeatable levels by time:
  Lair:2: 1715 daAuts
  Lair:1: 1594 daAuts
     D:3: 1472 daAuts
     D:7: 1420 daAuts
     D:8: 1416 daAuts
     D:2: 1213 daAuts
     D:4: 1107 daAuts
     D:5: 835 daAuts
     D:1: 622 daAuts
     D:6: 607 daAuts
  Temple: 441 daAuts
  Lair:3: 198 daAuts
